| TOP OF THE 1ST |
|
Oklahoma City Dodgers batting - Pitching for Indianapolis Indians : RHP Antonio Alvarez
|
|
Pitching: RHP Antonio Alvarez
|
|
|
Batting: RHB Jeremy Giesler
|
0-0: Called Strike 0-1: Ball 1-1: Ground out 4-3 (Groundball, 4M, EV 110.0 MPH)
|
|
Batting: LHB Robin More
|
0-0: Called Strike 0-1: Ball 1-1: Fly out, F8 (Flyball, 8RM, EV 96.2 MPH)
|
|
Batting: LHB Jose Robles
|
0-0: Ball 1-0: SINGLE (Line Drive, 8RS, EV 92.5 MPH)
|
|
Batting: LHB Chris Fandino
|
0-0: Swinging Strike 0-1: Called Strike 0-2: Foul Ball, location: 2F 0-2: Ball 1-2: Strikes out swinging
|
| Top of the 1st over - 0 runs, 1 hit, 0 errors, 1 left on base; Oklahoma City 0 - Indianapolis 0 |
| BOTTOM OF THE 1ST |
|
Indianapolis Indians batting - Pitching for Oklahoma City Dodgers : RHP Mike Zimmerly
|
|
Pitching: RHP Mike Zimmerly
|
|
|
Batting: RHB Jason Gee
|
0-0: Called Strike 0-1: Foul Ball, location: 2F 0-2: Fly out, F8 (Flyball, 8LXD, EV 95.6 MPH)
|
|
Batting: RHB Luis Ramos
|
0-0: Foul Ball, location: 2F 0-1: Ground out 4-3 (Groundball, 4, EV 83.1 MPH)
|
|
Batting: LHB Edwin Aguilar
|
0-0: Ball 1-0: Called Strike 1-1: Ball 2-1: SINGLE (Flyball, 8RS, EV 95.6 MPH)
|
|
Batting: RHB Adam Kaeser
|
0-0: Swinging Strike 0-1: Called Strike 0-2: Strikes out looking
|
| Bottom of the 1st over - 0 runs, 1 hit, 0 errors, 1 left on base; Oklahoma City 0 - Indianapolis 0 |
| TOP OF THE 2ND |
|
Oklahoma City Dodgers batting - Pitching for Indianapolis Indians : RHP Antonio Alvarez
|
|
Batting: RHB Curt Earnest
|
0-0: Ball 1-0: Called Strike 1-1: Ball 2-1: Ball 3-1: SINGLE (Groundball, 56D, EV 98.8 MPH)
|
|
Batting: LHB Darrell Ortega
|
0-0: Called Strike Curt Earnest steals 2nd base (no throw) 0-1: Ball 1-1: Called Strike 1-2: Ball 2-2: Ball 3-2: Strikes out looking
|
|
Batting: LHB Chris Raymond
|
0-0: Called Strike 0-1: SINGLE (Line Drive, 8RS, EV 98.1 MPH) Curt Earnest to third Runner from 3rd tries for Home, SAFE, throw by CF to home
|
|
Batting: RHB Carlos Talavera
|
0-0: Ball 1-0: Called Strike 1-1: Called Strike Chris Raymond steals 2nd base 1-2: Strikes out swinging
|
|
Batting: RHB Mike Dodson
|
0-0: Swinging Strike 0-1: Foul Ball, location: 2F 0-2: Ball 1-2: Ball 2-2: Foul Ball, location: 2F 2-2: Strikes out swinging
|
| Top of the 2nd over - 1 run, 2 hits, 0 errors, 1 left on base; Oklahoma City 1 - Indianapolis 0 |
| BOTTOM OF THE 2ND |
|
Indianapolis Indians batting - Pitching for Oklahoma City Dodgers : RHP Mike Zimmerly
|
|
Batting: RHB Chris Pozzi
|
0-0: Ball 1-0: Foul Ball, location: 2F 1-1: Swinging Strike 1-2: Foul Ball, location: 2F 1-2: Fly out, F6 (Popup, 15, EV 62.5 MPH)
|
|
Batting: RHB Caleb Russell
|
0-0: Called Strike 0-1: DOUBLE (Line Drive, 7LS, EV 101.9 MPH)
|
|
Batting: LHB Jorge Quintana
|
0-0: Ground out U3 (Groundball, 34, EV 83.1 MPH) Caleb Russell to third
|
|
Batting: RHB Isaiah Yarbrough
|
0-0: Ball 1-0: Called Strike 1-1: Ball 2-1: Called Strike 2-2: Ball 3-2: Foul Ball, location: 2F 3-2: Foul Ball, location: 2F 3-2: Ground out 6-3 (Groundball, 6M, EV 106.2 MPH)
|
| Bottom of the 2nd over - 0 runs, 1 hit, 0 errors, 1 left on base; Oklahoma City 1 - Indianapolis 0 |
| TOP OF THE 3RD |
|
Oklahoma City Dodgers batting - Pitching for Indianapolis Indians : RHP Antonio Alvarez
|
|
Batting: RHB Jeremy Giesler
|
0-0: Foul Ball, location: 2F 0-1: Swinging Strike 0-2: Ball 1-2: Ball 2-2: Ball 3-2: Ground out 6-3 (Groundball, 6, EV 83.8 MPH)
|
|
Batting: LHB Robin More
|
0-0: Called Strike 0-1: Foul Ball, location: 2F 0-2: Ball 1-2: Ball 2-2: Strikes out swinging
|
|
Batting: LHB Jose Robles
|
0-0: Ball 1-0: Called Strike 1-1: Foul Ball, location: 2F 1-2: Ball 2-2: Ball 3-2: SINGLE (Groundball, 5D, EV 96.2 MPH)
|
|
Batting: LHB Chris Fandino
|
0-0: Called Strike 0-1: Foul Ball, location: 2F 0-2: Foul Ball, location: 2F 0-2: Fly out, F8 (Line Drive, 8RD, EV 91.2 MPH)
|
| Top of the 3rd over - 0 runs, 1 hit, 0 errors, 1 left on base; Oklahoma City 1 - Indianapolis 0 |
| BOTTOM OF THE 3RD |
|
Indianapolis Indians batting - Pitching for Oklahoma City Dodgers : RHP Mike Zimmerly
|
|
Batting: RHB Slamet Pamungkas
|
0-0: Ball 1-0: Ball 2-0: SINGLE (Line Drive, 8RS, EV 105.6 MPH)
|
|
Batting: RHB Jason Gee
|
0-0: Ball Slamet Pamungkas steals 2nd base 1-0: Foul Ball, location: 2F 1-1: SINGLE (Groundball, 56D, EV 96.9 MPH) Slamet Pamungkas to third
|
|
Batting: RHB Luis Ramos
|
0-0: Fly out, F7 (Flyball, 78S, EV 91.9 MPH)
|
|
Batting: LHB Edwin Aguilar
|
0-0: Ball 1-0: SINGLE (Groundball, 34S, EV 100.0 MPH) Slamet Pamungkas scores Jason Gee to second Runner from 2nd tries for 3rd, SAFE, throw by RF made to third
|
|
Batting: RHB Adam Kaeser
|
0-0: Ball 1-0: Called Strike 1-1: Swinging Strike 1-2: Ball 2-2: Foul Ball, location: 2F 2-2: Ball 3-2: Strikes out swinging
|
|
Batting: RHB Chris Pozzi
|
0-0: Ball 1-0: Called Strike 1-1: Fly out, F6 (Popup, 4MS, EV 81.9 MPH)
|
| Bottom of the 3rd over - 1 run, 3 hits, 0 errors, 2 left on base; Oklahoma City 1 - Indianapolis 1 |
| TOP OF THE 4TH |
|
Oklahoma City Dodgers batting - Pitching for Indianapolis Indians : RHP Antonio Alvarez
|
|
Batting: RHB Curt Earnest
|
0-0: Called Strike 0-1: Called Strike 0-2: Ball 1-2: Strikes out swinging, 2-3 out at first.
|
|
Batting: LHB Darrell Ortega
|
0-0: Called Strike 0-1: Ball 1-1: Foul Ball, location: 2F 1-2: Ball 2-2: Strikes out swinging
|
|
Batting: LHB Chris Raymond
|
0-0: Reached on error, E1 (Groundball, 13S, EV 65.0 MPH)
|
|
Batting: RHB Carlos Talavera
|
0-0: Ball 1-0: Called Strike 1-1: Foul Ball, location: 2F 1-2: Strikes out swinging
|
| Top of the 4th over - 0 runs, 0 hits, 1 error, 1 left on base; Oklahoma City 1 - Indianapolis 1 |
| BOTTOM OF THE 4TH |
|
Indianapolis Indians batting - Pitching for Oklahoma City Dodgers : RHP Mike Zimmerly
|
|
Batting: RHB Caleb Russell
|
0-0: Ball 1-0: Ball 2-0: Ball 3-0: Called Strike 3-1: Foul Ball, location: 2F 3-2: Base on Balls
|
|
Batting: LHB Jorge Quintana
|
0-0: Called Strike 0-1: Swinging Strike 0-2: Foul Ball, location: 2F 0-2: DOUBLE (Line Drive, 5D, EV 95.0 MPH) Caleb Russell to third
|
|
Batting: RHB Isaiah Yarbrough
|
0-0: Called Strike 0-1: Ball 1-1: Ground out U3 (Groundball, 3, EV 90.0 MPH)
|
|
Batting: RHB Slamet Pamungkas
|
0-0: Ball 1-0: Called Strike 1-1: Ball 2-1: Swinging Strike 2-2: Ground out 4-3 (Groundball, 4S, EV 73.8 MPH) Caleb Russell scores Jorge Quintana to third
|
|
Batting: RHB Jason Gee
|
0-0: Ball 1-0: Ball 2-0: Called Strike 2-1: Swinging Strike 2-2: Ball 3-2: Fly out, F8 (Flyball, 78D, EV 90.0 MPH)
|
| Bottom of the 4th over - 1 run, 1 hit, 0 errors, 1 left on base; Oklahoma City 1 - Indianapolis 2 |
| TOP OF THE 5TH |
|
Oklahoma City Dodgers batting - Pitching for Indianapolis Indians : RHP Antonio Alvarez
|
|
Batting: RHB Mike Dodson
|
0-0: Called Strike 0-1: Ball 1-1: Swinging Strike 1-2: Foul Ball, location: 2F 1-2: Foul Ball, location: 2F 1-2: Ball 2-2: SINGLE (Line Drive, 7LS, EV 100.6 MPH)
|
|
Batting: RHB Jeremy Giesler
|
0-0: Ball 1-0: Called Strike 1-1: Ball 2-1: Called Strike 2-2: Ball 3-2: Strikes out looking
|
|
Batting: LHB Robin More
|
0-0: Ball 1-0: Ball 2-0: Swinging Strike 2-1: Fly out, F9 (Flyball, 9D, EV 80.0 MPH)
|
|
Batting: LHB Jose Robles
|
0-0: Called Strike 0-1: TRIPLE (Flyball, 89XD, EV 96.9 MPH) Mike Dodson scores
|
|
Batting: LHB Chris Fandino
|
0-0: Ball 1-0: Swinging Strike 1-1: Foul Ball, location: 2F 1-2: Ball 2-2: Foul Ball, location: 2F 2-2: Ball 3-2: Fly out, F7 (Flyball, 78D, EV 110.0 MPH)
|
| Top of the 5th over - 1 run, 2 hits, 0 errors, 1 left on base; Oklahoma City 2 - Indianapolis 2 |
| BOTTOM OF THE 5TH |
|
Indianapolis Indians batting - Pitching for Oklahoma City Dodgers : RHP Mike Zimmerly
|
|
Batting: RHB Luis Ramos
|
0-0: Called Strike 0-1: Ground out 4-3 (Groundball, 4M, EV 90.0 MPH)
|
|
Batting: LHB Edwin Aguilar
|
0-0: Called Strike 0-1: Ball 1-1: Ball 2-1: Swinging Strike 2-2: Foul Ball, location: 2F 2-2: Ball 3-2: Strikes out swinging
|
|
Batting: RHB Adam Kaeser
|
0-0: Called Strike 0-1: DOUBLE (Line Drive, 7LS, EV 106.2 MPH)
|
|
Batting: RHB Chris Pozzi
|
0-0: Ground out 4-3 (Groundball, 4M, EV 85.0 MPH)
|
| Bottom of the 5th over - 0 runs, 1 hit, 0 errors, 1 left on base; Oklahoma City 2 - Indianapolis 2 |
| TOP OF THE 6TH |
|
Oklahoma City Dodgers batting - Pitching for Indianapolis Indians : RHP Antonio Alvarez
|
|
Pitching: RHP Doug Rawson
|
|
|
Batting: RHB Curt Earnest
|
0-0: Foul Ball, location: 2F 0-1: Ball 1-1: Called Strike 1-2: Foul Ball, location: 2F 1-2: SINGLE (Groundball, 6MD, EV 96.9 MPH)
|
|
Batting: LHB Darrell Ortega
|
0-0: Ball 1-0: Called Strike Curt Earnest is caught stealing 2nd base 2-6 1-1: Foul Ball, location: 2F 1-2: Foul Ball, location: 2F 1-2: Strikes out looking
|
|
Batting: LHB Chris Raymond
|
0-0: Swinging Strike 0-1: Ground out 6-3 (Groundball, 6, EV 101.9 MPH)
|
| Top of the 6th over - 0 runs, 1 hit, 0 errors, 0 left on base; Oklahoma City 2 - Indianapolis 2 |
| BOTTOM OF THE 6TH |
|
Indianapolis Indians batting - Pitching for Oklahoma City Dodgers : RHP Mike Zimmerly
|
|
Batting: RHB Caleb Russell
|
0-0: Called Strike 0-1: Called Strike 0-2: Ball 1-2: Strikes out swinging
|
|
Batting: LHB Jorge Quintana
|
0-0: Called Strike 0-1: Ball 1-1: Ball 2-1: Called Strike 2-2: Ball 3-2: Foul Ball, location: 2F 3-2: Ground out 4-3 (Groundball, 4, EV 89.4 MPH)
|
|
Batting: RHB Isaiah Yarbrough
|
0-0: Ball 1-0: Ball 2-0: Fly out, F8 (Flyball, 8RD, EV 81.2 MPH)
|
| Bottom of the 6th over - 0 runs, 0 hits, 0 errors, 0 left on base; Oklahoma City 2 - Indianapolis 2 |
| TOP OF THE 7TH |
|
Oklahoma City Dodgers batting - Pitching for Indianapolis Indians : RHP Doug Rawson
|
|
Pitching: RHP Mario Medrano
|
|
|
Batting: RHB Carlos Talavera
|
0-0: Ball 1-0: Foul Ball, location: 2F 1-1: SINGLE (Groundball, 4MD, EV 104.4 MPH)
|
|
Pinch Hitting: LHB Steve Pond
|
0-0: Called Strike 0-1: Swinging Strike 0-2: Ball 1-2: Ball 2-2: Ball 3-2: Strikes out swinging
|
|
Batting: RHB Jeremy Giesler
|
0-0: Fielders Choice at 2nd, 4-6 (Groundball, 4S, EV 86.9 MPH)
|
|
Batting: LHB Robin More
|
0-0: Ball Jeremy Giesler is caught stealing 2nd base 2-6
|
| Top of the 7th over - 0 runs, 1 hit, 0 errors, 0 left on base; Oklahoma City 2 - Indianapolis 2 |
| BOTTOM OF THE 7TH |
|
Indianapolis Indians batting - Pitching for Oklahoma City Dodgers : RHP Mike Zimmerly
|
|
Pitching: RHP Edwin Carrasco
|
|
|
Now at SS: Theo Schepers
|
|
|
Batting: RHB Slamet Pamungkas
|
0-0: Swinging Strike 0-1: Called Strike 0-2: Foul Ball, location: 2F 0-2: Ball 1-2: Ground out 4-3 (Groundball, 34, EV 88.1 MPH)
|
|
Batting: RHB Jason Gee
|
0-0: Ball 1-0: Ball 2-0: Reached on error, E1 (Groundball, 13S, EV 70.6 MPH)
|
|
Batting: RHB Luis Ramos
|
0-0: Ball 1-0: Foul Ball, location: 2F 1-1: Ball 2-1: Called Strike 2-2: Fly out, F8 (Flyball, 78D, EV 96.2 MPH)
|
|
Batting: LHB Edwin Aguilar
|
0-0: Ball 1-0: Swinging Strike 1-1: Ball 2-1: Ground out U3 (Groundball, 3S, EV 86.2 MPH)
|
| Bottom of the 7th over - 0 runs, 0 hits, 1 error, 1 left on base; Oklahoma City 2 - Indianapolis 2 |
| TOP OF THE 8TH |
|
Oklahoma City Dodgers batting - Pitching for Indianapolis Indians : RHP Mario Medrano
|
|
Batting: LHB Robin More
|
0-0: Ground out 6-3 (Groundball, 6, EV 84.4 MPH)
|
|
Batting: LHB Jose Robles
|
0-0: Ball 1-0: SINGLE (Line Drive, 56D, EV 102.5 MPH)
|
|
Batting: LHB Chris Fandino
|
0-0: Ball 1-0: SINGLE (Groundball, 4D, EV 104.4 MPH) Jose Robles to second
|
|
Batting: RHB Curt Earnest
|
0-0: Ball 1-0: Swinging Strike 1-1: Ball 2-1: Foul Ball, location: 2F 2-2: SINGLE (Flyball, 6D, EV 92.5 MPH) Jose Robles to third Chris Fandino to second
|
|
Batting: LHB Darrell Ortega
|
0-0: Ball 1-0: Ball 2-0: Called Strike 2-1: Foul Ball, location: 2F 2-2: Foul Ball, location: 2F 2-2: Fly out, F8 (Flyball, 78D, EV 105.6 MPH) Runner from 3rd tags up, OUT at HOME! 8-2
|
| Top of the 8th over - 0 runs, 3 hits, 0 errors, 2 left on base; Oklahoma City 2 - Indianapolis 2 |
| BOTTOM OF THE 8TH |
|
Indianapolis Indians batting - Pitching for Oklahoma City Dodgers : RHP Edwin Carrasco
|
|
Batting: RHB Adam Kaeser
|
0-0: Ball 1-0: Ground out 5-3 (Groundball, 56, EV 86.2 MPH)
|
|
Batting: RHB Chris Pozzi
|
0-0: Ball 1-0: Ground out 5-3 (Groundball, 56S, EV 71.9 MPH)
|
|
Batting: RHB Caleb Russell
|
0-0: Ball 1-0: Ball 2-0: Called Strike 2-1: Ball 3-1: Reached on error, E6 (Groundball, 6, EV 84.4 MPH)
|
|
Batting: LHB Jorge Quintana
|
0-0: Called Strike 0-1: Foul Ball, location: 2F 0-2: Foul Ball, location: 2F 0-2: Foul Ball, location: 2F 0-2: Strikes out swinging
|
| Bottom of the 8th over - 0 runs, 0 hits, 1 error, 1 left on base; Oklahoma City 2 - Indianapolis 2 |
| TOP OF THE 9TH |
|
Oklahoma City Dodgers batting - Pitching for Indianapolis Indians : RHP Mario Medrano
|
|
Pitching: RHP Robby Poyfair
|
|
|
Batting: LHB Chris Raymond
|
0-0: Called Strike 0-1: Swinging Strike 0-2: Ball 1-2: Ball 2-2: Strikes out swinging
|
|
Batting: RHB Carlos Talavera
|
0-0: Ball 1-0: Ground out 3-1 (Groundball, 34, EV 86.2 MPH)
|
|
Batting: RHB Theo Schepers
|
0-0: TRIPLE (Flyball, 7D, EV 101.2 MPH)
|
|
Batting: RHB Jeremy Giesler
|
0-0: Ball 1-0: Ball 2-0: Ball 3-0: Called Strike 3-1: Called Strike 3-2: Base on Balls
|
|
Batting: LHB Robin More
|
0-0: Called Strike 0-1: Called Strike 0-2: Ball 1-2: Strikes out swinging
|
| Top of the 9th over - 0 runs, 1 hit, 0 errors, 2 left on base; Oklahoma City 2 - Indianapolis 2 |
| BOTTOM OF THE 9TH |
|
Indianapolis Indians batting - Pitching for Oklahoma City Dodgers : RHP Edwin Carrasco
|
|
Pitching: RHP Takashi Kashiwabara
|
|
|
Batting: RHB Isaiah Yarbrough
|
0-0: Ball 1-0: Called Strike 1-1: SINGLE (Groundball, 4MS, EV 65.6 MPH) (infield hit)
|
|
Batting: RHB Slamet Pamungkas
|
0-0: Bunted foul 0-1: Bunted foul 0-2: Ball 1-2: Ball 2-2: Foul Ball, location: 2F 2-2: Ball 3-2: Base on Balls Isaiah Yarbrough to second
|
|
Batting: RHB Jason Gee
|
0-0: Sac Bunt to 2R - play at first, batter OUT! 2-4 Isaiah Yarbrough to third Slamet Pamungkas to second
|
|
Batting: RHB Luis Ramos
|
0-0: Called Strike 0-1: Ball 1-1: Called Strike 1-2: Ball 2-2: Fielders Choice at home, 3-2 (Groundball, 3, EV 92.5 MPH) Slamet Pamungkas to third
|
|
Batting: LHB Edwin Aguilar
|
0-0: Called Strike 0-1: Called Strike 0-2: Ball 1-2: Ground out 4-3 (Groundball, 4S, EV 82.5 MPH)
|
| Bottom of the 9th over - 0 runs, 1 hit, 0 errors, 2 left on base; Oklahoma City 2 - Indianapolis 2 |
| TOP OF THE 10TH |
|
Oklahoma City Dodgers batting - Pitching for Indianapolis Indians : RHP Robby Poyfair
|
|
Batting: LHB Jose Robles
|
0-0: Foul Ball, location: 2F 0-1: Ball 1-1: Foul Ball, location: 2F 1-2: Foul Ball, location: 2F 1-2: Strikes out swinging
|
|
Batting: LHB Chris Fandino
|
0-0: Ball 1-0: Called Strike 1-1: Foul Ball, location: 2F 1-2: Ground out 5-3 (Groundball, 56, EV 91.9 MPH)
|
|
Batting: RHB Curt Earnest
|
0-0: Ball 1-0: Ball 2-0: Swinging Strike 2-1: Called Strike 2-2: Foul Ball, location: 2F 2-2: Ball 3-2: Strikes out swinging
|
| Top of the 10th over - 0 runs, 0 hits, 0 errors, 0 left on base; Oklahoma City 2 - Indianapolis 2 |
| BOTTOM OF THE 10TH |
|
Indianapolis Indians batting - Pitching for Oklahoma City Dodgers : RHP Takashi Kashiwabara
|
|
Pitching: RHP Juan Hurtado
|
|
|
Batting: RHB Adam Kaeser
|
0-0: Ball 1-0: Ball 2-0: SINGLE (Line Drive, 6D, EV 95.6 MPH)
|
|
Batting: RHB Chris Pozzi
|
0-0: Called Strike 0-1: Called Strike 0-2: Foul Ball, location: 2F 0-2: Ball 1-2: Ball 2-2: SINGLE (Groundball, 6MD, EV 106.2 MPH) Adam Kaeser to second Runner from 2nd tries for 3rd, SAFE, throw by CF made at trailing runner, OUT! 8-4
|
|
Batting: RHB Caleb Russell
|
0-0: Called Strike 0-1: Swinging Strike 0-2: Foul Ball, location: 2F 0-2: Ball 1-2: Strikes out swinging
|
|
Batting: LHB Jorge Quintana
|
0-0: Swinging Strike 0-1: Ball 1-1: Called Strike 1-2: Strikes out swinging passed ball, reaches first! Adam Kaeser scores
|
| Bottom of the 10th over - 1 run, 2 hits, 0 errors, 1 left on base; Oklahoma City 2 - Indianapolis 3 |
|